cohdb
Replays
Latest Replays
All Replays
Popular Replays
Top Player Replays
Match Explorer
How It Works
Community
CoH3 Stats
Reddit
Sign in to upload your games and track your stats! →
Sign in with Steam
Match 45615772
Unlisted
Match 45615772
Overview
Messages
Build Orders
End
Construct Infanterie Kompanie
MG 42 Machine Gun Team
GrW 34 Mortar Team
Grenadier Squad
Grenadier Squad
Construct Panzergrenadier Kompanie
Medical Station
251 Medium Carrier
Selects Luftwaffe Battlegroup
Selects Stuka Strafing Run
Stuka Strafing Run
Panzergrenadier Squad
Panzergrenadier Squad
Panzergrenadier Officer Quarters
Pioneer Squad
Selects Fallschirmjäger Squad Paradrop
Selects Fragmentation Bombs
Fragmentation Bombs
Selects Luftwaffe Pioneer Support
Selects Flak 38 Anti-Air Emplacement
Medical Bunker
Stuka Strafing Run
Pak 40 Anti-tank Gun Team
Construct Panzer Kompanie
Fragmentation Bombs
Panzer IV Medium Tank
Ra11
MatioS
Cohlonoscoper
Luce
Cr6como-
Number 60
0
0
Comments
sign in to comment!
No comments posted yet!